General information
- name: BNet
- type: Ladder team game (AT/RT)
- host: Battle.net
- saver: TheMasterOfBnet
map: Battleground
- players: 8
- length: 36:48
- speed: Fast
- version: 1.27 W3XP
- replay type: Public
» download(229 KB)
Players
team 1 (loser)

»
Dels101 (
green | 71 APM | 2276 actions | 32:03)
8 Tauren Chieftain
3 War Stomp
3 Endurance Aura
1 Reincarnation
1 Shockwave
» actions
| Assign group hotkey | 23 | |
| Basic commands | 177 | |
| Build / train | 65 | |
| ESC pressed | 5 | |
| Enter build submenu | 21 | |
| Enter hero's abilities submenu | 8 | |
| Right click | 1253 | |
| Select / deselect | 389 | |
| Select group hotkey | 247 | |
| Use ability | 88 | |
2276 total
» units
| Peon | 11 | |
| Troll Headhunter/Berserker | 9 | |
| Wind Rider | 8 | |
| Raider | 3 | |
31 total
» upgrades
| Ranged Weapons | 2 | |
| Envenomed Spears | 1 | |
| Reinforced Defenses | 1 | |
| Armor | 1 | |
5 total
» buildings
| Altar of Storms | 1 | |
| Orc Burrow | 7 | |
| Barracks | 2 | |
| War Mill | 2 | |
| Voodoo Lounge | 1 | |
| Watch Tower | 2 | |
| Stronghold | 1 | |
| Beastiary | 2 | |
| Fortress | 2 | |
| Spirit Lodge | 1 | |
| Great Hall | 1 | |
22 total
» build order
00:08 Altar of Storms
00:11 Orc Burrow
00:42 Barracks
01:34 War Mill
01:47 Orc Burrow
02:25 Voodoo Lounge
03:31 Watch Tower
04:22 Stronghold
05:17 Orc Burrow
07:39 Beastiary
07:40 Beastiary
08:03 War Mill
09:18 Orc Burrow
10:18 Fortress
10:18 Fortress
15:01 Watch Tower
15:22 Orc Burrow
15:23 Orc Burrow
15:26 Spirit Lodge
22:24 Great Hall
26:05 Orc Burrow
28:16 Barracks
» items
| Boots of Speed | 1 | |
| Healing Salve | 5 | |
| Lesser Clarity Potion | 4 | |
| Potion of Healing | 1 | |
| Potion of Mana | 2 | |
| Dust of Appearance | 1 | |
| Orb of Lightning | 1 | |
| Scroll of Speed | 1 | |
16 total
dconUS.Romeo (
blue | 81 APM | 2257 actions | 27:58)
8 Blademaster
3 Wind Walk
3 Critical Strike
1 Bladestorm
1 Mirror Image
» actions
| Assign group hotkey | 68 | |
| Build / train | 85 | |
| Enter build submenu | 34 | |
| Enter hero's abilities submenu | 8 | |
| Give item / drop item | 5 | |
| Remove unit from queue | 1 | |
| Right click | 1036 | |
| Select / deselect | 682 | |
| Select group hotkey | 126 | |
| Use ability | 212 | |
2257 total
» units
» upgrades
| Pillage | 1 | |
| Ensnare | 1 | |
| Melee Weapons | 3 | |
| Armor | 3 | |
| Reinforced Defenses | 1 | |
| Spiked Barricades | 1 | |
10 total
» buildings
| Altar of Storms | 1 | |
| Orc Burrow | 6 | |
| Barracks | 1 | |
| Voodoo Lounge | 1 | |
| Stronghold | 2 | |
| War Mill | 2 | |
| Beastiary | 3 | |
| Fortress | 1 | |
| Great Hall | 4 | |
| Watch Tower | 15 | |
36 total
» build order
00:10 Altar of Storms
00:17 Orc Burrow
00:37 Barracks
01:28 Orc Burrow
02:05 Voodoo Lounge
02:57 Stronghold
03:17 War Mill
05:19 Beastiary
05:21 Beastiary
05:24 Beastiary
05:29 Orc Burrow
07:43 Orc Burrow
09:56 Fortress
15:10 Great Hall
16:37 Orc Burrow
17:00 Watch Tower
17:01 Watch Tower
17:02 Watch Tower
17:07 Watch Tower
20:03 Great Hall
20:05 Watch Tower
20:07 Watch Tower
20:08 Watch Tower
20:10 Watch Tower
21:15 Watch Tower
21:17 Great Hall
21:19 Watch Tower
21:19 Watch Tower
21:41 Orc Burrow
21:47 Watch Tower
21:52 Watch Tower
23:18 War Mill
24:41 Watch Tower
25:30 Great Hall
25:33 Watch Tower
» items
| Circlet of Nobility | 4 | |
| Healing Salve | 4 | |
| Lesser Clarity Potion | 7 | |
| Boots of Speed | 1 | |
| Orb of Lightning | 1 | |
| Scroll of Speed | 1 | |
| Staff of Teleportation | 1 | |
| Periapt of Vitality | 1 | |
| Potion of Lesser Invulnerability | 1 | |
| Potion of Mana | 1 | |
| Potion of Healing | 1 | |
23 total
AMAZONSWEET. (
purple | 66 APM | 2411 actions | 36:47)
5 Blademaster
2 Wind Walk
3 Critical Strike
4 Shadow Hunter
2 Hex
2 Healing Wave
» actions
| Assign group hotkey | 23 | |
| Basic commands | 285 | |
| Build / train | 57 | |
| Enter build submenu | 23 | |
| Enter hero's abilities submenu | 9 | |
| Right click | 1024 | |
| Select / deselect | 216 | |
| Select group hotkey | 642 | |
| Use ability | 132 | |
2411 total
» units
» upgrades
| Ranged Weapons | 1 | |
| Armor | 1 | |
| Reinforced Defenses | 1 | |
| Envenomed Spears | 1 | |
4 total
» buildings
| Altar of Storms | 1 | |
| Orc Burrow | 7 | |
| Voodoo Lounge | 2 | |
| War Mill | 1 | |
| Stronghold | 1 | |
| Watch Tower | 22 | |
| Beastiary | 6 | |
| Fortress | 1 | |
| Great Hall | 1 | |
42 total
» build order
00:08 Altar of Storms
00:19 Orc Burrow
00:54 Voodoo Lounge
01:46 War Mill
02:12 Stronghold
02:42 Orc Burrow
02:43 Orc Burrow
02:44 Orc Burrow
03:44 Watch Tower
03:44 Watch Tower
05:01 Beastiary
05:14 Beastiary
05:52 Beastiary
09:37 Beastiary
09:39 Beastiary
10:08 Orc Burrow
10:28 Watch Tower
10:28 Watch Tower
10:29 Watch Tower
10:29 Watch Tower
11:18 Fortress
11:25 Voodoo Lounge
14:36 Watch Tower
14:37 Watch Tower
14:39 Watch Tower
14:39 Watch Tower
15:09 Watch Tower
15:14 Watch Tower
16:31 Beastiary
16:55 Watch Tower
16:55 Watch Tower
16:55 Watch Tower
17:43 Watch Tower
17:43 Watch Tower
17:44 Watch Tower
17:44 Watch Tower
17:45 Watch Tower
17:45 Watch Tower
18:08 Watch Tower
20:26 Orc Burrow
20:26 Orc Burrow
24:50 Great Hall
» items
| Lesser Clarity Potion | 1 | |
| Healing Salve | 2 | |
| Staff of Teleportation | 2 | |
| Dust of Appearance | 1 | |
| Potion of Healing | 1 | |
| Tiny Great Hall | 1 | |
| Orb of Lightning | 1 | |
| Scroll of Town Portal | 1 | |
10 total

»
Montana (
teal | 12 APM | 429 actions | 36:47)
3 Shadow Hunter
1 Hex
2 Serpent Ward
» actions
| Assign group hotkey | 7 | |
| Basic commands | 50 | |
| Build / train | 61 | |
| Enter build submenu | 20 | |
| Enter hero's abilities submenu | 3 | |
| Remove unit from queue | 5 | |
| Right click | 46 | |
| Select / deselect | 135 | |
| Select group hotkey | 44 | |
| Use ability | 58 | |
429 total
» units
| Peon | 12 | |
| Shaman | 14 | |
| Tauren | 9 | |
| Troll Witch Doctor | 6 | |
41 total
» upgrades
| Shaman Training | 2 | |
| Pulverize | 1 | |
| Witch Doctor Training | 2 | |
5 total
» buildings
| Orc Burrow | 10 | |
| Stronghold | 1 | |
| Altar of Storms | 1 | |
| War Mill | 1 | |
| Watch Tower | 3 | |
| Fortress | 1 | |
| Spirit Lodge | 1 | |
| Voodoo Lounge | 1 | |
| Tauren Totem | 2 | |
21 total
» build order
00:11 Orc Burrow
02:22 Stronghold
02:31 Altar of Storms
02:43 War Mill
03:15 Orc Burrow
03:34 Orc Burrow
04:21 Watch Tower
04:25 Watch Tower
04:31 Watch Tower
04:40 Orc Burrow
04:44 Fortress
05:03 Spirit Lodge
06:33 Voodoo Lounge
08:27 Tauren Totem
08:29 Tauren Totem
12:22 Orc Burrow
12:24 Orc Burrow
12:26 Orc Burrow
19:04 Orc Burrow
19:07 Orc Burrow
19:09 Orc Burrow
team 2 (winner)

»
Falador (
orange | 59 APM | 1182 actions | 20:00)
5 Mountain King
2 Storm Bolt
3 Bash
1 Blademaster
1 Critical Strike
» actions
| Build / train | 56 | |
| Enter build submenu | 23 | |
| Enter hero's abilities submenu | 5 | |
| Remove unit from queue | 1 | |
| Right click | 748 | |
| Select / deselect | 289 | |
| Use ability | 60 | |
1182 total
» units
| Peasant | 7 | |
| Rifleman | 20 | |
| Troll Headhunter/Berserker | 2 | |
| Siege Engine | 1 | |
30 total
» upgrades
| Long Rifles | 1 | |
| Gunpowder | 1 | |
| Lumber Harvesting | 1 | |
3 total
» buildings
| Altar of Kings | 1 | |
| Farm | 7 | |
| Barracks | 1 | |
| Blacksmith | 1 | |
| Scout Tower | 1 | |
| Arcane Tower | 1 | |
| Lumber Mill | 1 | |
| Keep | 1 | |
| Arcane Vault | 2 | |
| Castle | 1 | |
| Guard Tower | 1 | |
| Arcane Sanctum | 1 | |
| Workshop | 5 | |
24 total
» build order
00:09 Altar of Kings
00:15 Farm
00:40 Barracks
01:13 Blacksmith
01:25 Scout Tower
01:53 Arcane Tower
02:06 Farm
02:44 Lumber Mill
03:46 Farm
04:29 Farm
04:49 Keep
05:12 Arcane Vault
05:34 Farm
07:49 Castle
07:52 Farm
09:06 Guard Tower
10:34 Arcane Sanctum
10:49 Workshop
10:51 Farm
11:43 Workshop
13:22 Workshop
15:15 Arcane Vault
17:00 Workshop
17:46 Workshop
» items
| Scroll of Regeneration | 1 | |
| Potion of Healing | 2 | |
| Ivory Tower | 3 | |
| Healing Salve | 1 | |
| Lesser Clarity Potion | 1 | |
| Scroll of Town Portal | 3 | |
11 total

»
Cze- (
red | 80 APM | 1037 actions | 12:53)
3 Blademaster
2 Wind Walk
1 Critical Strike
» actions
| Assign group hotkey | 13 | |
| Basic commands | 113 | |
| Build / train | 63 | |
| ESC pressed | 4 | |
| Enter build submenu | 13 | |
| Enter hero's abilities submenu | 4 | |
| Give item / drop item | 1 | |
| Remove unit from queue | 3 | |
| Right click | 376 | |
| Select / deselect | 297 | |
| Select group hotkey | 93 | |
| Use ability | 57 | |
1037 total
» units
| Peon | 10 | |
| Troll Headhunter/Berserker | 20 | |
30 total
» upgrades
| Ranged Weapons | 1 | |
| Spiked Barricades | 2 | |
| Troll Regeneration | 1 | |
| Armor | 1 | |
| Berserker Upgrade | 1 | |
| Reinforced Defenses | 1 | |
7 total
» buildings
| Orc Burrow | 7 | |
| Altar of Storms | 2 | |
| Barracks | 2 | |
| Voodoo Lounge | 1 | |
| War Mill | 1 | |
| Stronghold | 4 | |
| Fortress | 1 | |
18 total
» build order
00:26 Orc Burrow
00:43 Altar of Storms
00:59 Barracks
01:42 Barracks
01:53 Voodoo Lounge
02:02 Orc Burrow
02:41 Orc Burrow
03:13 War Mill
03:41 Stronghold
03:41 Stronghold
04:09 Orc Burrow
05:27 Orc Burrow
07:38 Fortress
12:10 Altar of Storms
12:23 Orc Burrow
12:34 Orc Burrow
» items
| Scroll of Speed | 1 | |
| Lesser Clarity Potion | 2 | |
| Healing Salve | 2 | |
| Potion of Healing | 1 | |
6 total
TheMasterOfBnet (
yellow | 90 APM | 3300 actions | 36:48)
8 Blademaster
3 Wind Walk
3 Critical Strike
1 Bladestorm
1 Mirror Image
» actions
| Assign group hotkey | 88 | |
| Basic commands | 27 | |
| Build / train | 138 | |
| ESC pressed | 15 | |
| Enter build submenu | 59 | |
| Enter hero's abilities submenu | 8 | |
| Give item / drop item | 6 | |
| Remove unit from queue | 5 | |
| Right click | 1552 | |
| Select / deselect | 444 | |
| Select group hotkey | 724 | |
| Use ability | 234 | |
3300 total
» units
| Peon | 20 | |
| Grunt | 14 | |
| Kodo Beast | 1 | |
| Wind Rider | 17 | |
| Demolisher | 1 | |
| Troll Batrider | 2 | |
55 total
» upgrades
| Pillage | 1 | |
| Berserker Strength | 1 | |
| Melee Weapons | 3 | |
| Reinforced Defenses | 2 | |
| Armor | 4 | |
| Ranged Weapons | 3 | |
| Spiked Barricades | 2 | |
| Envenomed Spears | 1 | |
| Berserker Upgrade | 1 | |
| Liquid Fire | 0 | |
18 total
» buildings
| Orc Burrow | 6 | |
| Altar of Storms | 1 | |
| Barracks | 1 | |
| Voodoo Lounge | 3 | |
| Stronghold | 2 | |
| War Mill | 1 | |
| Watch Tower | 34 | |
| Fortress | 5 | |
| Beastiary | 1 | |
| Great Hall | 1 | |
55 total
» build order
00:15 Orc Burrow
00:55 Orc Burrow
01:07 Altar of Storms
01:15 Barracks
01:47 Voodoo Lounge
02:15 Orc Burrow
04:44 Stronghold
06:05 War Mill
07:37 Voodoo Lounge
07:52 Watch Tower
07:54 Watch Tower
07:57 Watch Tower
08:29 Fortress
08:29 Fortress
08:29 Fortress
10:48 Beastiary
11:52 Watch Tower
12:02 Orc Burrow
12:57 Orc Burrow
13:31 Watch Tower
14:54 Watch Tower
15:28 Watch Tower
15:33 Watch Tower
15:37 Watch Tower
16:50 Orc Burrow
19:51 Watch Tower
19:53 Watch Tower
19:57 Watch Tower
20:06 Watch Tower
20:21 Watch Tower
22:12 Watch Tower
24:50 Great Hall
26:20 Watch Tower
26:21 Watch Tower
26:22 Watch Tower
28:08 Watch Tower
28:10 Watch Tower
28:16 Watch Tower
28:18 Watch Tower
28:23 Watch Tower
28:35 Watch Tower
28:37 Watch Tower
29:02 Watch Tower
29:55 Watch Tower
29:59 Watch Tower
30:02 Watch Tower
30:07 Watch Tower
30:10 Watch Tower
30:16 Watch Tower
30:25 Watch Tower
30:34 Watch Tower
31:02 Voodoo Lounge
» items
| Healing Salve | 7 | |
| Lesser Clarity Potion | 6 | |
| Boots of Speed | 1 | |
| Circlet of Nobility | 1 | |
| Scroll of Town Portal | 4 | |
| Orb of Lightning | 1 | |
| Potion of Mana | 1 | |
| Tiny Great Hall | 2 | |
| Potion of Healing | 1 | |
24 total

»
LetsGetWeird (
pink | 47 APM | 1282 actions | 27:27)
3 Paladin
2 Holy Light
1 Devotion Aura
3 Mountain King
1 Storm Bolt
2 Bash
» actions
| Basic commands | 53 | |
| Build / train | 57 | |
| Enter build submenu | 26 | |
| Enter hero's abilities submenu | 6 | |
| Remove unit from queue | 2 | |
| Right click | 810 | |
| Select / deselect | 274 | |
| Use ability | 54 | |
1282 total
» units
| Peasant | 15 | |
| Footman | 14 | |
| Knight | 8 | |
37 total
» upgrades
| Lumber Harvesting | 2 | |
| Animal War Training | 1 | |
| Swords | 2 | |
| Plating | 1 | |
6 total
» buildings
| Farm | 13 | |
| Altar of Kings | 1 | |
| Barracks | 2 | |
| Lumber Mill | 2 | |
| Keep | 1 | |
| Arcane Vault | 2 | |
| Castle | 1 | |
| Blacksmith | 1 | |
| Great Hall | 2 | |
| Town Hall | 1 | |
26 total
» build order
01:10 Farm
01:16 Altar of Kings
01:22 Barracks
01:53 Farm
02:38 Lumber Mill
02:45 Lumber Mill
03:06 Farm
03:12 Keep
03:41 Arcane Vault
05:47 Farm
06:37 Farm
07:49 Arcane Vault
07:53 Farm
07:58 Castle
08:41 Barracks
09:12 Farm
11:03 Blacksmith
11:10 Farm
12:25 Farm
12:27 Farm
14:06 Farm
15:34 Farm
16:22 Farm
24:31 Great Hall
25:31 Great Hall
26:05 Town Hall
» items
Chat log
(00:06 / Allies) Cze-: 2007 RUNESCAPE!?
(00:20 / Allies) Falador: yeh
(00:31 / Allies) Cze-: USERNAME!?
(00:31 / All) AMAZONSWEET.: trump #1
(01:41 / Allies) Falador: mk rifles for start
(04:57 / Allies) Falador: purple teched?
(05:00 / Allies) Cze-: yes
(05:27 / Allies) Falador: omw
(06:01 / Allies) Cze-: sh
(06:02 / Allies) Cze-: sh
(06:02 / Allies) Cze-: sh
(06:03 / Allies) Cze-: sh
(06:05 / Allies) Cze-: sh
(06:06 / Allies) Cze-: sh
(06:33 / Allies) Cze-: omw oj
(06:47 / Allies) Cze-: pink
(06:48 / Allies) Cze-: no heal
(06:49 / Allies) Cze-: noob
(07:15 / Allies) Cze-: y u didnt heal hsi hero
(07:17 / Allies) Cze-: you noob shit
(08:22 / Allies) TheMasterOfBnet: hit someone other than purp he sucks
(08:34 / Allies) Falador: got green trapped
(08:49 / Allies) LetsGetWeird: knights
(09:29 / Allies) Cze-: these niggas
(09:30 / Allies) Cze-: useless
(09:36 / Allies) TheMasterOfBnet: Been being attacked by blue all game
(09:54 / Allies) Cze-: yet some how he has mass units and you dont
(10:05 / Allies) TheMasterOfBnet: cuz I've been awake 30 hours and just installed after moinths of not playing
(10:39 / Allies) Cze-: pink
(10:41 / Allies) Cze-: wtf you doing nigga
(10:46 / Allies) LetsGetWeird: dude
(10:50 / Allies) LetsGetWeird: shut the fuck up
(10:54 / Allies) Cze-: haha
(10:55 / Allies) TheMasterOfBnet: stfu red
(11:32 / Allies) Falador: wtf you guys doing
(11:38 / Allies) Cze-: stfu
(11:49 / Allies) Falador: we had purple you fk tards
(11:52 / Allies) Cze-: stfu
(12:21 / Allies) TheMasterOfBnet: nice reinforced defense vs mass raiders
(12:28 / Allies) Cze-: sty
(12:43 / Allies) Falador: gg
(12:46 / All) Falador: gg
(12:50 / Allies) Cze-: oj we tried
(12:52 / Allies) Cze-: pink too heav
(13:09 / All) Falador: massive noobs on this team cant even carry
(13:14 / All) LetsGetWeird: LOL
(14:21 / Allies) TheMasterOfBnet: nice
(14:46 / All) Falador: green you mh piece of shit
(14:53 / All) Dels101: called skill
(15:02 / All) Falador: just running in everytime i leave
(15:04 / All) Falador: fk you
(15:23 / Allies) Falador: meet
(15:25 / Allies) TheMasterOfBnet: kk
(15:25 / Allies) Falador: and lets hit
(15:44 / Allies) Falador: pink come
(16:21 / Allies) Falador: jesus christ pink stop jerking it
(16:30 / Allies) LetsGetWeird: ?
(16:30 / Allies) Falador: wtf
(16:31 / Allies) Falador: wtf
(16:32 / Allies) Falador: gop
(18:07 / Allies) TheMasterOfBnet: hit blue next
(18:10 / Allies) TheMasterOfBnet: he is biggest threat
(19:26 / All) Falador: i can do this anymore
(19:31 / All) Dels101: bad at it
(19:33 / All) Falador: cant*
(19:56 / All) Falador: this whole game full of noobs
(21:56 / Allies) LetsGetWeird: i need gold for expo
(22:00 / Allies) TheMasterOfBnet: hit expo
(22:02 / Allies) TheMasterOfBnet: hit
(22:14 / Allies) LetsGetWeird: no im so waeak
(24:26 / All) TheMasterOfBnet: raped
(24:30 / All) AMAZONSWEET.: lag
(24:33 / All) AMAZONSWEET.: bnet spike?
(28:01 / All) TheMasterOfBnet: raped
(28:13 / All) TheMasterOfBnet: wow that went perfectly
(28:45 / All) AMAZONSWEET.: thank god teal is a moron lawl
(28:56 / All) TheMasterOfBnet: I didn't think we had this at the start
(28:59 / All) TheMasterOfBnet: I'm tired and rusty
(29:22 / All) AMAZONSWEET.: green claimed he has skills lol
(29:41 / All) TheMasterOfBnet: He's a little bitch
(31:19 / All) AMAZONSWEET.: durn harpyslayer will die in 30 sec
(32:20 / All) AMAZONSWEET.: teal is completely afk i guess
(32:33 / All) AMAZONSWEET.: who do u want to win
(32:35 / All) TheMasterOfBnet: queue your stuff up I guess
(32:39 / All) TheMasterOfBnet: teal is ingame, your team loses
(33:41 / All) TheMasterOfBnet: Blue threw me off at the start a bit
(34:00 / All) TheMasterOfBnet: normally wouldn't be a big deal but I'm awake 30+ hours and haven't played since may
(34:06 / All) TheMasterOfBnet: last thing I wanted to deal with was an aggressive orc
(34:11 / All) TheMasterOfBnet: I meant to queue as human too which ticked me off
(34:27 / All) AMAZONSWEET.: we did well considering my base almost got destroyed and i had to let my dogs out
(34:30 / All) AMAZONSWEET.: plus blue and u
(34:49 / All) TheMasterOfBnet: yeah
(34:53 / All) TheMasterOfBnet: I thought we didn't have it at the start
(35:55 / All) AMAZONSWEET.: we done after this right? gonna play frisbee with dogs
(36:24 / All) TheMasterOfBnet: I want to play more but if you don't want to whatever
(36:29 / All) TheMasterOfBnet: I'll get in some solo games